Baka, neutral female human Healer | | ...| |....| |.H@.| |.c@.| |.YgH| |....| | ...| | Baka the Dresser Experience level: 11 Strength: 16 Dexterity: 13 Constitution: 17 Intelligence: 13 Wisdom: 18 Charisma: 14 Health: 0(89) Energy: 75(75) Def: 15 Gold: 684 Moves: 20575 Dungeon seed: LuzkwOEixgzsrgHz Game ID: Baka_1527198105 Your Inventory: Coins $ - 684 gold pieces Amulets K - an uncursed amulet of reflection (being worn) Weapons a - the rustproof +1 Mjollnir (weapon in hand) g - a +0 silver saber Armor e - an uncursed +1 pair of leather gloves (being worn) r - an uncursed +0 cloak of magic resistance (being worn) y - an uncursed +1 dwarvish mithril-coat (being worn) z - an uncursed +0 pair of high boots (being worn) X - an uncursed burnt +0 elven shield (being worn) Comestibles j - an uncursed candy bar p - an uncursed food ration G - an uncursed lizard corpse Potions m - an uncursed potion of invisibility Rings T - an uncursed ring of searching Wands f - a wand of sleep (0:5) i - a wand of cold (0:0) q - a wand of digging (0:8) w - a wand of slow monster (0:7) F - a wand of speed monster (0:5) L - a wand of digging (0:4) O - a wand of digging (0:5) U - a wand of striking (0:6) W - a blessed wand of sleep (0:4) Tools b - a blessed bag of holding c - an uncursed stethoscope o - an uncursed lock pick v - an uncursed magic lamp (lit) B - an uncursed blindfold D - a +0 unicorn horn E - a can of grease (0:3) P - a +0 unicorn horn Y - a +0 unicorn horn Gems n - 4 uncursed worthless pieces of yellowish brown glass N - an uncursed luckstone Contents of the bag of holding: 446 gold pieces an uncursed amulet of ESP a cursed amulet of change an uncursed amulet of life saving a cursed -1 elven cloak an uncursed +0 elven leather helm an uncursed C-ration an uncursed K-ration an uncursed cram ration 2 uncursed eucalyptus leaves an uncursed partly eaten food ration an uncursed lizard corpse 2 uncursed oranges a blessed scroll of amnesia an uncursed scroll of blank paper an uncursed scroll of destroy armor an uncursed scroll of earth a cursed scroll of enchant armor a blessed scroll of enchant weapon an uncursed scroll of enchant weapon a blessed scroll of food detection 4 uncursed scrolls of identify an uncursed scroll of remove curse an uncursed scroll of scare monster a blessed scroll of teleportation 6 uncursed scrolls of teleportation 3 cursed scrolls of teleportation a cursed potion of enlightenment an uncursed potion of gain ability an uncursed potion of gain level an uncursed potion of object detection 2 uncursed potions of sleeping an uncursed potion of water a cursed ring of aggravate monster an uncursed ring of cold resistance a cursed -1 ring of gain constitution an uncursed +1 ring of increase damage a blessed +2 ring of protection an uncursed ring of regeneration an uncursed ring of regeneration a cursed ring of regeneration an uncursed ring of searching an uncursed ring of searching a cursed ring of searching an uncursed ring of slow digestion a cursed ring of slow digestion an uncursed ring of stealth an uncursed ring of teleport control a wand of digging (0:3) a wand of make invisible (0:6) a wand of make invisible (0:4) a cursed wand of polymorph (0:5) a wand of teleportation (0:5) a wand of teleportation (0:4) a wand of teleportation (0:3) a +0 pick-axe 10 uncursed tallow candles (0:200) a tinning kit (0:44) a +0 unicorn horn a +0 unicorn horn 2 uncursed wax candles (0:400) Spells and supernatural/magical abilities: Name Level Category Fail Memory a - force bolt 1* attack 100% 0% h - healing 1* healing 97% 0% l - light 1 divination 100% 44% n - detect monsters 1* divination 100% 0% r - remove curse 3* clerical 100% 0% s - slow monster 2 enchantment 100% 92% w - wizard lock 2 matter 100% 23% x - extra healing 3* healing 98% 0% z - sleep 1* enchantment 100% 0% L - levitation 4 escape 100% 24% M - magic mapping 5 divination 100% 1% S - stone to flesh 3* healing 100% 0% W - pray for help -- divine ? -- Your skills at the end: Fighting Skills Weapon Skills knife [Basic] hammer [Basic] Spellcasting Skills healing spells [Basic] Final Attributes: You were piously aligned. You were cold resistant. You were sleep resistant. You were poison resistant. You were magic-protected. You saw invisible. You were telepathic. You could teleport. You had teleport control. You were protected. You were fast. You had reflection. You were unlucky. You had extra luck. Bad luck did not time out for you. Good luck did not time out for you. Hermes was angry with you. You are dead. Vanquished creatures: a titanothere a captain 2 frost giants 2 vampires a ghost a mind flayer 2 giant mimics an ogre king 2 doppelgangers 4 large mimics a baby purple worm a long worm an earth elemental a giant mummy a sergeant a water demon a warg a small mimic a glass piercer 3 ettin mummies 2 trolls a wood golem a gelatinous cube a large dog a freezing sphere 2 flaming spheres a shocking sphere a gargoyle 4 tengu an ochre jelly a leocrotta a mountain centaur 3 stone giants a human mummy 2 pit vipers a carnivorous ape 2 ettin zombies a leather golem 17 soldiers an incubus a chameleon a crocodile 3 giant beetles 2 cockatrices 2 wolves 2 winter wolf cubs a lynx 4 leprechauns 2 mumakil 7 giant spiders a black light 2 gnome kings a dwarf mummy 2 rust monsters 4 owlbears 2 yetis a gold golem a werewolf a Green-elf 3 lizards 2 dogs a dingo a housecat 4 jaguars 3 dwarf lords a blue jelly 3 white unicorns a black unicorn 2 ravens 2 gnome mummies a snake an ape 4 human zombies 2 Woodland-elves 5 soldier ants a fire ant 4 bugbears 2 quasits a wood nymph 4 water nymphs a mountain nymph 5 Mordor orcs 11 Uruk-hai 2 rock piercers 3 rock moles a pony 2 fog clouds 2 yellow lights 2 shriekers 2 violet fungi 17 gnome lords 5 gnomish wizards 3 kobold mummies a guardian naga hatchling a gray ooze a ghoul a baby crocodile 10 giant ants 6 floating eyes 19 dwarves 2 homunculi 4 kobold lords 4 kobold shamans 29 hill orcs 6 rothes 4 rabid rats 6 giant bats a monkey 7 orc zombies 3 werejackals 9 iguanas 20 killer bees 2 acid blobs 6 coyotes 3 gas spores 7 hobbits 4 manes a large kobold 2 hobgoblins 18 giant rats 3 cave spiders 2 yellow molds 4 green molds 3 red molds 62 gnomes 7 garter snakes 5 gnome zombies 12 geckos 15 jackals 2 foxes 6 kobolds 6 sewer rats 5 grid bugs 6 bats 13 lichens a kobold zombie 9 newts 556 creatures vanquished. Voluntary challenges: You used a wielded weapon 815 times, starting on turn 25. You read items or engraved 112 times, starting on turn 1711. You never genocided any monsters. You never polymorphed an object. You never changed form. You used no wishes. You never split a pudding. You wrote Elbereth's name 1 time, starting on turn 1711. You never violated your personal moral code. Dungeon overview: The Dungeons of Doom: levels 1 to 25 Level 1 (T) some altars to Poseidon a long staircase Level 2 (my altar) an altar to Hermes stairs to The Gnomish Mines Level 3 Level 4 Level 5 Level 6 (T) Level 7 (T) Level 8 a fountain Level 9 (main stash) a temple to Poseidon stairs to Sokoban Level 10 many fountains Level 11 a fountain Level 12 a fountain Level 13 Level 14 Level 15 (T) a sink Level 16 a fountain Level 17 a sink Level 18 Level 19 a scroll shop, a fountain Level 20 a fountain Level 21 Level 22 Level 23 a temple to Poseidon, a fountain Level 24 a fountain Level 25 <- You were here The Gnomish Mines: levels 3 to 11 Level 3 stairs to The Dungeons of Doom Level 4 Level 5 some shops, a temple to Hermes, some fountains, some trees Level 6 Level 7 Level 8 Level 9 Level 10 (ho lasciato un sacco di libri!) Level 11 Sokoban: levels 5 to 8 Level 5 (LUCK) Level 6 Level 7 Level 8 stairs to The Dungeons of Doom History has recorded: On T:1 you entered the Dungeons of Doom to retrieve the Amulet of Yendor! On T:242 you reached level 2 of The Dungeons of Doom. On T:278 you reached level 1 of The Gnomish Mines. On T:639 you reached level 3 of The Dungeons of Doom. On T:1244 you advanced to experience level 2. On T:1574 you reached level 4 of The Dungeons of Doom. On T:1634 you reached level 5 of The Dungeons of Doom. On T:2180 you advanced to experience level 3. On T:2557 you advanced to experience level 4. On T:3463 you received Mjollnir from Hermes. On T:3528 you advanced to experience level 5. On T:3799 you reached level 2 of The Gnomish Mines. On T:3826 you advanced to experience level 6. On T:4437 you reached level 3 of The Gnomish Mines. On T:4776 you reached level 4 of The Gnomish Mines. On T:4943 you advanced to experience level 7. On T:5300 you reached level 5 of The Gnomish Mines. On T:5431 you reached level 6 of The Gnomish Mines. On T:6033 you reached level 7 of The Gnomish Mines. On T:6098 you reached level 8 of The Gnomish Mines. On T:6118 you advanced to experience level 8. On T:6521 you reached level 9 of The Gnomish Mines. On T:6629 you advanced to experience level 9. On T:10832 you reached level 6 of The Dungeons of Doom. On T:11099 you reached level 7 of The Dungeons of Doom. On T:11234 you reached level 8 of The Dungeons of Doom. On T:11285 you reached level 9 of The Dungeons of Doom. On T:11356 you reached level 4 of Sokoban. On T:11686 you reached level 10 of The Dungeons of Doom. On T:11713 you advanced to experience level 10. On T:12134 you reached level 11 of The Dungeons of Doom. On T:12342 you reached level 12 of The Dungeons of Doom. On T:12351 you reached level 13 of The Dungeons of Doom. On T:12868 you reached level 14 of The Dungeons of Doom. On T:13146 you reached level 15 of The Dungeons of Doom. On T:14118 you reached level 3 of Sokoban. On T:14584 you reached level 2 of Sokoban. On T:14878 you reached level 1 of Sokoban. On T:18325 you reached level 16 of The Dungeons of Doom. On T:18570 you reached level 17 of The Dungeons of Doom. On T:18856 you reached level 18 of The Dungeons of Doom. On T:19017 you reached level 19 of The Dungeons of Doom. On T:19341 you reached level 20 of The Dungeons of Doom. On T:19554 you reached level 21 of The Dungeons of Doom. On T:20030 you reached level 22 of The Dungeons of Doom. On T:20227 you reached level 23 of The Dungeons of Doom. On T:20333 you advanced to experience level 11. On T:20465 you reached level 24 of The Dungeons of Doom. On T:20570 you reached level 25 of The Dungeons of Doom. Score breakdown: Gold: 0 ( 0 points) Experience: 11 levels (17616 points) Exploration: 25 levels ( 51.02%) (21213 points) Discoveries: 44 items ( 15.07%) (11645 points) Valuables value: (no points given unless you survive) Artifact value: 4000 (12253 points) Variety of kills: 137 monsters ( 35.96%) (17989 points) Turncount: 20575 turns (-3444 points) Survival: died (score multiplied by 80%) Total score: 61817 Latest messages: Monsters appear from nowhere! The massive hammer hits! Lightning strikes the cockatrice! The sleep ray hits the titan. The sleep ray bounces! The owlbear hits! (2x) The gremlin just misses! The gremlin hits! The gremlin bites! The gremlin hits! The minotaur hits! (2x) The minotaur butts! The elf-lord wields a runed short sword! The elf-lord thrusts his runed short sword. The elf-lord hits! The cockatrice bites! The cockatrice touches you! The titan hits! The titan points at you, then curses. The minotaur hits! (2x) You die... Final status: Goodbye Baka the Healer, killed by a minotaur... You died in The Dungeons of Doom on dungeon level 25 with 61817 points, and 1130 pieces of gold, after 20575 moves. You were level 11 with a maximum of 89 hit points when you died.